 Dungeon Crawl Stone Soup version 0.24.0-125-gc4c63601f3 (webtiles) character file.

Game seed: 14242643749356455115, levelgen mode: deterministic

454 DavidChitty2 the Agent of Entropy (level 6, -5/48 HPs)
             Began as a Demonspawn Abyssal Knight on Mar 9, 2020.
             Was a Priest of Lugonu.
             Killed by divine providence
             ... invoked by an orc priest
              (13 damage)
             ... on level 4 of the Dungeon.
             The game lasted 00:07:50 (4974 turns).

DavidChitty2 the Agent of Entropy (DsAK)            Turns: 4974, Time: 00:07:50

Health: -5/48      AC: 10    Str: 14    XL:     6   Next: 76%
Magic:  9/9        EV:  6    Int: 13    God:    Lugonu [***...]
Gold:   393        SH:  5    Dex: 13    Spells: 5/5 levels left

rFire    . . .     SeeInvis .   a - +2 falchion
rCold    . . .     Gourm    .   r - +2 buckler
rNeg     . . .     Faith    .   l - +0 chain mail
rPois    .         Spirit   .   (no helmet)
rElec    .         Reflect  .   (no cloak)
rCorr    .         Harm     .   j - +0 pair of gloves
MR       .....                  (no boots)
Stlth    ..........             (no amulet)
HPRegen  0.16/turn              (no ring)
MPRegen  0.11/turn              (no ring)

@: no status effects
A: claws 1, spiny 2
a: Depart the Abyss, Bend Space, Banish, Renounce Religion


You were on level 4 of the Dungeon.
You worshipped Lugonu.
Lugonu was most pleased with you.
You were not hungry.

You visited 1 branch of the dungeon, and saw 4 of its levels.
You visited the Abyss 1 time.

You collected 393 gold pieces.

Inventory:

Hand Weapons
 a - a +2 falchion (weapon)
Armour
 j - a +0 pair of gloves (worn)
   (You found it on level 2 of the Dungeon)
 l - a +0 chain mail (worn)
   (You found it on level 3 of the Dungeon)
 r - a +2 buckler (worn)
   (You found it on level 3 of the Dungeon)
Jewellery
 m - an uncursed ring of ice
   (You found it on level 4 of the Dungeon)
Wands
 c - a wand of disintegration (19)
   (You found it on level 4 of the Dungeon)
Scrolls
 d - a scroll of immolation {!r}
 g - 2 scrolls of remove curse {@r2}
 h - 4 scrolls of teleportation {@r4}
 n - a scroll of fear
 s - a scroll of identify {@r1}
Potions
 b - a potion of lignification {!q}
 i - 2 potions of flight
 k - a potion of brilliance
 o - a potion of ambrosia
 p - 2 potions of mutation {!q}
 q - 2 potions of curing {@q1}
Comestibles
 e - 5 rations {!d}


   Skills:
 + Level 4.0 Fighting
 * Level 4.0 Long Blades
 + Level 3.0 Armour
 + Level 2.4 Dodging
 + Level 0.9 Shields
 + Level 4.5 Invocations


You had 5 spell levels left.
You didn't know any spells.
Your spell library was empty.

Dungeon Overview and Level Annotations

Branches:
Dungeon (4/15)
 Temple: D:4-7

Altars:
Kikubaaqudgha
Nemelex Xobeh
Wu Jian
Beogh


Innate Abilities, Weirdness & Mutations

You have sharp fingernails.
You are mostly covered in sharp spines.


Message History

There are monsters nearby!
You hit the orc wizard.
The orc priest looks braver for a moment.
An orc comes into view.
The orc wizard is struck by your spines.
The orc wizard hits you but does no damage.
You hit the orc wizard but do no damage.
The orc wizard is struck by your spines.
The orc wizard closely misses you.
You riposte.
You hit the orc wizard but do no damage.
You barely miss the orc wizard.
The orc wizard hits you but does no damage.
You hit the orc wizard but do no damage.
The orc wizard is struck by your spines.
You kill the orc wizard!
Lugonu accepts your kill.
Your Long Blades skill increases to level 4!
The orc priest invokes the aid of Beogh against you.
Beogh smites you! The orc closely misses you.
Things that are here:
a +0 dagger; a +0 robe You barely miss the orc.
The orc priest invokes the aid of Beogh against you.
Beogh smites you!
* * * LOW HITPOINT WARNING * * *
You block the orc's attack.
Your shield and chain mail prevent you from hitting the orc.
An orc comes into view. It is wielding a +0 hand axe.
The orc is struck by your spines. The orc hits you with a +0 hand axe.
* * * LOW HITPOINT WARNING * * *
You hit the orc.
You kill the orc!
Lugonu accepts your kill.
You completely miss the orc. You block the orc's attack.
Your chain mail prevents you from hitting the orc.
The orc closely misses you.
You hit the orc. The orc is struck by your spines. The orc barely misses you.
You slash the orc!
You kill the orc!
Lugonu accepts your kill.
Your shield and chain mail prevent you from hitting the orc priest.
The orc priest invokes the aid of Beogh against you.
Pain shoots through your body!
* * * LOW HITPOINT WARNING * * *
You completely miss the orc priest.
The orc priest hits you but does no damage.
You barely miss the orc priest.
The orc priest calls down the wrath of Beogh upon you.
Beogh smites you!
You die...

#.# #....
#.# #.###
#.# #.##.
#.###.##.
###
#.....##.
#..
#.#...#..
#o#
#.#..##..
#o#
#.#..##..
#@#
#.#..##..
###.#
#.#..##..
#...#
##.#>.....
#.###
#.....##..
#.#
#.........
#.#
###.....##..
#.#
#......###..
#.# #.###..#
### #.# #.#
#).#


You could see an orc priest and an orc.

Vanquished Creatures
  A scorpion (D:4)
  An orc priest (D:3)
  A gnoll shaman (D:4)
  An orc wizard (D:4)
  Natasha (twice) (D:2)
  A worker ant (D:4)
  3 gnolls
  9 adders
  4 worms
  A dart slug (D:2)
  A leopard gecko (D:3)
  4 orcs
  9 bats
  3 giant cockroaches
  8 goblins
  8 hobgoblins
  15 jackals
  4 quokkas
  A ball python (D:3)
  8 frilled lizards
  7 kobolds
  10 rats
102 creatures vanquished.

Vanquished Creatures (others)
  Natasha (D:2)
1 creature vanquished.

Grand Total: 103 creatures vanquished

Notes
Turn   | Place    | Note
-------+----------+-------------------------------------------
     0 | Abyss:1  | DavidChitty2 the Demonspawn Abyssal Knight began the quest
                  | for the Orb.
     0 | Abyss:1  | Reached XP level 1. HP: 18/18 MP: 2/2
    43 | Abyss:2  | Noticed a large abomination
    60 | Abyss:3  | Noticed a large abomination
    61 | D:1      | Escaped the Abyss
   218 | D:1      | Reached skill level 1 in Dodging
   233 | D:1      | Gained mutation: You are partially covered in sharp spines.
                  | [demonic ancestry]
   233 | D:1      | Reached XP level 2. HP: 5/24 MP: 3/3
   479 | D:1      | Reached * piety under Lugonu
  1422 | D:2      | Found an ornate altar of the Wu Jian Council.
  1459 | D:2      | Reached XP level 3. HP: 25/29 MP: 5/5
  1513 | D:2      | Found a faded altar of an unknown god.
  2311 | D:2      | Reached ** piety under Lugonu
  2311 | D:2      | Reached XP level 4. HP: 26/35 MP: 6/6
  2483 | D:2      | Noticed Natasha
  2509 | D:2      | Killed Natasha
  2536 | D:2      | Noticed Natasha
  2555 | D:2      | Killed Natasha
  2607 | D:2      | Noticed Natasha
  2627 | D:2      | Killed Natasha
  2627 | D:2      | Gained mutation: You have sharp fingernails. [demonic
                  | ancestry]
  2627 | D:2      | Reached XP level 5. HP: 7/41 MP: 7/7
  2913 | D:2      | Found an ancient bone altar of Kikubaaqudgha.
  3268 | D:3      | Found a roughly hewn altar of Beogh.
  3645 | D:3      | Gained mutation: You are mostly covered in sharp spines.
                  | [demonic ancestry]
  3645 | D:3      | Reached XP level 6. HP: 44/48 MP: 9/9
  4218 | D:3      | HP: 2/48 [poisoned by a gnoll shaman]
  4482 | D:4      | Reached *** piety under Lugonu
  4756 | D:4      | Found a sparkling altar of Nemelex Xobeh.
  4974 | D:4      | Killed from afar by an orc priest

Levels and vault maps discovered:
D:1:      dpeg_chamrin_arrival_tetris, layout_basic, serial_forest,
          infiniplex_forest_clump_curved, infiniplex_forest_end_3,
          infiniplex_forest_zigzag_2, infiniplex_forest_clump_medium,
          infiniplex_forest_clump_small, infiniplex_forest_zigzag_1
D:2:      layout_basic, lemuel_crystal_altar, chequers_ecumenical_altar_simple,
          first_ration, lemuel_altar_in_water, uniq_natasha
D:3:      layout_basic, kennysheep_orc_chapel
D:4:      kennysheep_the_goblin_king, layout_loops_ring,
          nemelex_xobeh_ov_fountains_minmay

Skill      XL: |  1  2  3  4  5  6 |
---------------+-------------------+-----
Dodging        | 1 2 |  2.4
Long Blades    | 2 3 4 |  4.0
Armour         | 2 3 |  3.0
Invocations    | 3 4 |  4.5
Fighting       | 4 |  4.0
Shields        | |  0.9

Action                   |  1- 3 |  4- 6 || total
-------------------------+-------+-------++-------
Melee: Falchion          |    87 |   144 ||   231
Invok: Depart the Abyss  |     1 |       ||     1
  Use: Potion            |     1 |     4 ||     5
       Scroll            |       |    11 ||    11
 Stab: Sleeping          |     1 |       ||     1
  Eat: Chunk             |     4 |     9 ||    13
Armor: Leather armour    |    24 |       ||    24
       Ring mail         |     4 |    29 ||    33
       Chain mail        |       |    35 ||    35
Dodge: Dodged            |    71 |    64 ||   135
Block: Buckler           |       |    16 ||    16
       Rpst.: Falchion   |    19 |    17 ||    36
